 Dungeon Crawl Stone Soup version 0.20.1-1-g8b1a95d (webtiles) character file.

105 homeworkjunkie the Chopper (level 4, -3/40 HPs)
             Began as a Hill Orc Fighter on Nov 17, 2017.
             Slain by a gnoll (6 damage)
             ... on level 3 of the Dungeon.
             The game lasted 00:02:14 (964 turns).

homeworkjunkie the Chopper (Hill Orc Fighter)        Turns: 964, Time: 00:02:14

Health: -3/40      AC:  7    Str: 19    XL:     4   Next: 81%
Magic:  4/4        EV:  7    Int:  8    God:
Gold:   52         SH:  9    Dex: 10    Spells: 3/3 levels left

rFire    . . .     SeeInvis .   a - +0 war axe
rCold    . . .     Gourm    .   c - +0 shield
rNeg     . . .     Faith    .   b - +0 scale mail
rPois    +         Spirit   .   (no helmet)
rElec    .         Reflect  .   (no cloak)
rCorr    .         Harm     .   (no gloves)
MR       .....                  (no boots)
Stlth    ..........             (no amulet)
Regen    0.2/turn               e - ring of poison resistance
MPRegen  0.1/turn               (no ring)

@: no status effects
A: no striking features
a: no special abilities


You were on level 3 of the Dungeon.
You were hungry.

You visited 1 branch of the dungeon, and saw 3 of its levels.

You collected 52 gold pieces.

Inventory:

Hand Weapons
 a - a +0 war axe (weapon)
Armour
 b - a +0 scale mail (worn)
 c - a +0 shield (worn)
Jewellery
 e - a ring of poison resistance (left hand)
Scrolls
 j - a scroll of identify {unknown}
Comestibles
 f - 2 bread rations
 g - 2 fruits
 h - a royal jelly
 i - a meat ration


   Skills:
 * Level 4.2 Fighting
 * Level 4.3 Axes
 * Level 4.1 Armour
 + Level 0.1 Dodging
 * Level 3.8 Shields


You had 3 spell levels left.
You didn't know any spells.

Dungeon Overview and Level Annotations

Branches:
Dungeon (3/15)

Altars:
Xom

Annotations:
D:1 1 runed door


Message History

The giant cockroach is moderately wounded.
The giant cockroach closely misses you. The gnoll closely misses you.
The giant cockroach barely misses you.
You hit the giant cockroach.
The giant cockroach is severely wounded.
You block the giant cockroach's attack. You block the gnoll's attack.
The giant cockroach bites you but does no damage.
You hit the giant cockroach.
You kill the giant cockroach!
The gnoll barely misses you. The gnoll completely misses you.
You hit the gnoll but do no damage.
The gnoll hits you from afar with a halberd!
* * * LOW HITPOINT WARNING * * *
The gnoll barely misses you.
You hit the gnoll but do no damage. You block the gnoll's attack. x2
The gnoll hits you but does no damage.
You barely miss the gnoll. The gnoll hits you.
* * * LOW HITPOINT WARNING * * *
The gnoll closely misses you. The gnoll hits you.
You die...

,,,,,,,,,,,* #....# #.#
**,*******,* #.#### #.# *,* #,*
#.# #.## *,* #.*
#.#*******#####... *,*
***##.#####.#*,,,,,........)
*,*
*,,.......#(#*,****#########
*,* *,,.......#)#*,* **,*
*,,.......#(#*,* **,*
*,,..o<...#@##.###*******
**,***,,......?g).......,,,,,**
**,,**,,......g#.##.....,,,,,,*
***,**,,.......#.#**####****,,*
,,,,**,,.......#.# *,,*
***,,,,,.........# ***,,* *
*,****........##** *,,,,* *
*,**,,........,,,* *,**,*
***,**,*.##.)..,**,* *,**,*


You could see 2 gnolls.

Vanquished Creatures
  A gnoll (D:3)
  5 adders (D:2)
  3 leopard geckos (D:3)
  5 orcs (D:3)
  A bat (D:2)
  2 giant cockroaches
  2 goblins
  3 hobgoblins
  3 jackals (D:3)
  2 quokkas (D:2)
  A ball python (D:2)
  6 frilled lizards
  7 kobolds
  3 rats
44 creatures vanquished.

Notes
Turn   | Place    | Note
-------+----------+-------------------------------------------
     0 | D:1      | homeworkjunkie the Hill Orc Fighter began the quest for the Orb.
     0 | D:1      | Reached XP level 1. HP: 19/19 MP: 1/1
     3 | D:1      | Found a runed door.
   261 | D:2      | Reached XP level 2. HP: 27/27 MP: 2/2
   269 | D:2      | Found a shimmering altar of Xom.
   298 | D:2      | Reached XP level 3. HP: 33/33 MP: 3/3
   755 | D:2      | Reached XP level 4. HP: 31/40 MP: 4/4
   964 | D:3      | Slain by a gnoll

Skill      XL: |  1  2  3  4 |
---------------+-------------+-----
Axes           | 3 4 |  4.3
Fighting       | 4 |  4.2
Armour         | 4 |  4.1
Dodging        | |  0.1
Shields        | |  3.8

Action                   |  1- 3 |  4- 6 || total
-------------------------+-------+-------++-------
Melee: War axe           |    73 |    73 ||   146
  Use: Scroll            |     1 |     1 ||     2
       Potion            |       |     1 ||     1
Armor: Scale mail        |    40 |    41 ||    81
Dodge: Dodged            |    31 |    19 ||    50
Block: Shield            |    34 |    39 ||    73
